AoeStats
← rizlinjinson

MegaRandom

510030061Analyzed
4v4 RM · 3d ago on Sep 29, 2026· 63m 36s· 8 players
Game mode
Random Map
Map size
Large (8 player)
Population
200
Speed
Normal
Resources
Standard
Victory
Conquest
Starting age
Dark Age
Ending age
Imperial Age
RankedLock teamsTeams togetherTeam positionsShared explorationLock speedFull tech treeHidden civsTurbo modeCheats
Victory
Defeat
🇺🇸 Varangians · United States
1237
+14
🇺🇸 Teutons · United States
1200
+16
🇺🇸 Mongols · United States
1147
+18
🇺🇸 Persians · United States
1139
+18
🇲🇽 Maya · Mexico
1223
-18
🇧🇷 Khmer · Brazil
1211
-17
🇺🇸 Saxons · United States
1185
-16
🇨🇴 Aztecs · Colombia
1148
-15
Kryptonknight
11:52 Feudal Age
15:31 Castle Age
13:20 Double-Bit Axe
13:16 Horse Collar
18:36 Bow Saw
21:48 Wheelbarrow
22:29 Heavy Plow
22:20 Loom
25:39 Hand Cart
25:10 Town Watch
25:50 Fletching
25:43 Pikeman
26:24 Squires
31:55 Imperial Age
29:29 Town Patrol
29:21 Gold Mining
29:21 Stone Mining
30:07 Scale Mail Armor
30:51 Squires
30:38 Arson
31:47 Chain Mail Armor
31:44 Forging
32:29 Elite Varangian Guard
37:25 Plate Mail Armor
37:31 Iron Casting
37:22 Shield Wall
40:38 Capped Ram
41:50 Bodkin Arrow
41:56 Padded Archer Armor
42:01 Scale Barding Armor
42:25 Ballistics
41:51 Arrowslits
43:07 Chemistry
42:12 Siege Engineers
42:18 Masonry
42:41 Conscription
41:42 Elite Hearth Troop
42:55 Gambesons
43:51 Conscription
43:33 Bracer
43:48 Leather Archer Armor
43:06 Man-at-Arms
43:59 Long Swordsman
44:00 Pikeman
44:31 Two-Handed Swordsman
45:16 Halberdier
47:04 Champion
49:28 Siege Ram
SenorLeyenda561
0:30 Loom
10:52 Feudal Age
13:44 Fletching
20:29 Padded Archer Armor
23:27 Castle Age
21:53 Double-Bit Axe
23:22 Town Watch
23:35 Crossbowman
24:38 Thumb Ring
25:48 Leather Archer Armor
27:37 Ballistics
27:31 Bodkin Arrow
28:16 Horse Collar
30:13 Wheelbarrow
35:14 Town Patrol
35:29 Bow Saw
39:47 Imperial Age
38:05 Gold Mining
40:02 Arbalester
40:56 Bracer
41:26 Ring Archer Armor
42:30 Ring Archer Armor
44:29 Conscription
43:33 Elite Skirmisher
47:03 Hand Cart
48:46 Hul'che Javelineers
50:27 Pikeman
51:18 Scale Mail Armor
51:28 Forging
51:35 Squires
51:20 Arson
52:23 Chain Mail Armor
54:19 Plate Mail Armor
54:24 Iron Casting
63:57 Two-Man Saw
Neor2526
10:26 Loom
12:40 Feudal Age
15:07 Double-Bit Axe
17:58 Castle Age
15:46 Horse Collar
17:04 Wheelbarrow
18:04 Gold Mining
18:08 Stone Mining
20:23 Fervor
23:28 Hand Cart
27:37 Pikeman
31:17 Imperial Age
29:11 Scale Mail Armor
29:31 Treadmill Crane
31:55 Redemption
32:09 Sanctity
32:40 Conscription
32:26 Town Watch
32:50 Heavy Plow
33:26 Garland Wars
33:26 Forging
33:52 Block Printing
34:09 Illumination
34:23 Theocracy
34:33 Theocracy
35:32 Chemistry
35:12 Iron Casting
35:31 Chain Mail Armor
37:23 Blast Furnace
36:38 Squires
41:58 Bow Saw
42:21 Crop Rotation
42:26 Plate Mail Armor
42:44 Ballistics
42:30 Siege Engineers
42:50 Onager
48:14 Siege Onager
59:49 Fletching
jp.manhaes94
13:45 Feudal Age
16:33 Castle Age
15:47 Double-Bit Axe
16:30 Horse Collar
17:47 Bow Saw
24:43 Loom
25:36 Wheelbarrow
24:47 Town Watch
27:34 Hand Cart
28:27 Bloodlines
28:18 Husbandry
29:51 Forging
32:00 Scale Barding Armor
33:11 Gold Mining
36:04 Imperial Age
35:01 Iron Casting
34:47 Chain Barding Armor
36:02 Town Patrol
36:18 Cavalier
38:15 Gold Shaft Mining
37:10 Cavalier
39:12 Blast Furnace
38:49 Plate Barding Armor
38:18 Scale Mail Armor
38:13 Pikeman
38:40 Arson
39:35 Halberdier
41:50 Chain Mail Armor
45:06 Heavy Scorpion
47:39 Chemistry
49:27 Siege Engineers
51:38 Heavy Plow
54:11 Caravan
63:13 Plate Barding Armor
Stupid Bob
7:28 Loom
10:14 Feudal Age
10:46 Double-Bit Axe
15:47 Horse Collar
16:32 Bloodlines
18:35 Castle Age
18:43 Bloodlines
19:42 Scale Barding Armor
19:48 Forging
19:53 Bow Saw
19:44 Heavy Plow
22:20 Wheelbarrow
29:09 Chain Barding Armor
29:35 Iron Casting
31:56 Man-at-Arms
32:37 Squires
32:39 Long Swordsman
33:06 Gambesons
33:53 Fletching
34:36 Hand Cart
34:29 Gold Mining
35:30 Arson
40:09 Imperial Age
38:58 Scale Mail Armor
40:10 Two-Handed Swordsman
41:08 Chain Mail Armor
42:46 Conscription
43:49 Plate Mail Armor
44:20 Blast Furnace
44:17 Crenellations
44:44 Crop Rotation
45:16 Caravan
46:00 Champion
53:10 Ballistics
53:09 Pikeman
60:27 Halberdier
Bobular;)
7:08 Loom
8:51 Loom
11:11 Feudal Age
16:22 Castle Age
15:04 Double-Bit Axe
15:20 Horse Collar
17:54 Heavy Plow
24:00 Bow Saw
24:55 Heavy Plow
25:50 Wheelbarrow
25:05 Town Watch
25:21 Gold Mining
27:00 Hand Cart
26:54 Stone Mining
28:07 Scale Barding Armor
28:13 Forging
28:46 Town Patrol
29:44 Fletching
30:35 Iron Casting
31:03 Chain Barding Armor
33:42 Imperial Age
31:17 Husbandry
31:28 Bloodlines
32:16 Stone Shaft Mining
33:54 Bodkin Arrow
37:15 Plate Barding Armor
38:05 Conscription
41:19 Elite Jarl
44:19 Blast Furnace
52:24 Gothikon
57:13 Caravan
59:53 Light Cavalry
LaserLobbes
11:00 Feudal Age
11:13 Loom
11:24 Loom
16:14 Castle Age
14:57 Double-Bit Axe
15:11 Horse Collar
17:44 Bow Saw
18:10 Heavy Plow
22:43 Forging
24:27 Bloodlines
24:18 Husbandry
24:28 Scale Barding Armor
25:10 Gold Mining
27:15 Iron Casting
27:43 Gold Shaft Mining
28:57 Wheelbarrow
32:18 Hand Cart
36:49 Imperial Age
34:55 Ballistics
35:00 Chain Barding Armor
34:30 Fletching
34:41 Padded Archer Armor
38:14 Blast Furnace
37:50 Plate Barding Armor
37:11 Bodkin Arrow
38:18 Cavalier
40:06 Savar
41:54 Murder Holes
43:00 Chemistry
42:27 Leather Archer Armor
43:40 Conscription
43:39 Kamandaran
45:01 Caravan
45:04 Crossbowman
45:50 Thumb Ring
45:39 Elite Skirmisher
45:45 Light Cavalry
48:02 Two-Man Saw
47:18 Elite Skirmisher
48:45 Ring Archer Armor
48:10 Hussar
rizlinjinson
7:06 Loom
10:52 Feudal Age
11:26 Double-Bit Axe
11:22 Horse Collar
15:48 Wheelbarrow
17:21 Fletching
21:21 Padded Archer Armor
24:38 Castle Age
24:54 Gold Mining
24:55 Stone Mining
25:39 Bodkin Arrow
26:56 Bow Saw
26:47 Heavy Plow
27:25 Gold Shaft Mining
27:19 Leather Archer Armor
27:59 Elite Skirmisher
29:28 Thumb Ring
28:49 Pikeman
33:17 Scale Barding Armor
34:22 Ballistics
37:39 Hand Cart
40:25 Imperial Age
38:23 Chain Barding Armor
39:25 Light Cavalry
41:52 Bracer
46:02 Crossbowman
47:07 Husbandry
47:18 Bloodlines
48:07 Crossbowman
49:18 Bloodlines
49:09 Husbandry
48:29 Hussar
50:13 Chain Barding Armor
50:11 Caravan
54:01 Forging
53:31 Heavy Cavalry Archer
54:37 Parthian Tactics
58:10 Conscription
59:31 Capped Ram
61:47 Siege Engineers
62:02 Siege Ram
Connection lost

Rejoining the realm…

Still unreachable

The connection could not be restored.

Session expired

The server has moved on; the page needs a fresh start.